Map: [ESL] Gresvan

Players

SpeCial - Winner!

  • Race: Terran Terran
  • Spawn Location: 5:00

Astrea

  • Race: Protoss Protoss
  • Spawn Location: 11:00

Event: ESL SC2 Masters 2023 Summer (Regionals)

VOD

Have the link to the VOD?

Description

Time

  • Played on: May 20, 2023, 1:47 p.m.
  • Length: 17:57

All games in this series

Show
View Real Time Build Order
Export as new Build Order

SpeCial Terran - Winner!

Build Orders: Cyclone Opening, Gas First Reaper Expand 

Get SALT Encoding   

  12  0:00  SCV  
  13  0:12  SCV  
  14  0:17  Supply Depot  
  14  0:24  SCV  
  14  0:27  Refinery  
  15  0:38  SCV  
  16  0:44  Barracks  
  16  0:50  SCV  
  17  1:02  SCV  
  18  1:14  SCV  
  19  1:31  Orbital Command, Reaper  
  20  1:41  Command Center  
  20  1:52  Factory  
  20  1:57  SCV  
  21  2:03  Refinery  
  21  2:05  Barracks Reactor  
  21  2:09  SCV  
  21  2:14  Supply Depot  
  22  2:21  SCV  
  23  2:36  SCV, Factory Tech Lab  
  24  2:41  Marine  
  24  2:42  Marine  
  26  2:48  SCV  
  27  2:54  Cyclone  
  30  2:59  Marine  
  30  3:00  SCV, Marine  
  30  3:02  Starport  
  33  3:10  Orbital Command  
  33  3:12  SCV  
  33  3:17  Marine  
  33  3:18  Marine  
  35  3:26  SCV  
  36  3:34  Orbital Command  
  36  3:35  Marine x2  
  38  3:42  SCV  
  38  3:46  Factory Tech Lab  
  39  3:51  Cloaking Field  
  39  3:52  Banshee  
  39  3:53  Marine x2  
  39  3:54  SCV  
  45  3:59  SCV, Supply Depot  
  46  4:09  Supply Depot  
  46  4:20  Marine x2  
  46  4:21  SCV x2, Siege Tank  
  53  4:32  Barracks  
  53  4:33  SCV x2, Supply Depot  
  53  4:35  Barracks  
  53  4:36  Banshee  
  58  4:42  Marine x2  
  58  4:45  SCV x2  
  62  4:49  Engineering Bay  
  62  4:56  Refinery  
  62  4:57  SCV x2  
  62  4:59  Siege Tank  
  67  5:04  Supply Depot  
  66  5:07  Marine x2  
  66  5:09  SCV  
  66  5:10  SCV  
  70  5:25  SCV x2, Marine, Raven  
  75  5:28  Barracks Tech Lab  
  75  5:37  SCV x2  
  75  5:38  Factory Reactor  
  75  5:39  Supply Depot, Marine  
  75  5:40  Refinery  
  78  5:47  Supply Depot  
  78  5:51  Supply Depot  
  78  5:53  Stimpack  
  78  5:58  SCV x2, Marine  
  78  6:01  Marine x2, Terran Infantry Weapons Level 1  
  80  6:04  Barracks  
  80  6:06  Barracks  
  80  6:10  SCV x2  
  82  6:14  Supply Depot  
  82  6:15  Supply Depot  
  82  6:16  Marine x2  
  84  6:22  SCV x2, Marauder x2  
  90  6:30  Medivac x2  
  94  6:40  Supply Depot, Marine x2  
  94  6:41  Missile Turret, Factory Reactor  
  98  6:47  Marauder  
  98  6:55  Barracks Reactor  
  98  6:56  Supply Depot  
  98  6:57  Marine x2  
  102  7:01  Marauder  
  102  7:04  Missile Turret  
  102  7:08  Marauder x2  
  106  7:10  Combat Shield  
  106  7:14  SCV x2  
  106  7:15  Marine x2  
  104  7:21  Medivac, Widow Mine  
  112  7:23  Marauder  
  112  7:27  Medivac  
  112  7:29  Marauder  
  115  7:33  Marine x3  
  115  7:34  Marine  
  119  7:40  Widow Mine  
  119  7:42  Widow Mine  
  125  7:44  SCV, Marauder  
  125  7:45  SCV  
  125  7:50  Marauder  
  125  7:53  Marine x3  
  125  7:54  Marine, Barracks Tech Lab  
  125  7:56  SCV  
  125  7:57  SCV  
  131  8:02  Medivac  
  131  8:04  Concussive Shells  
  133  8:07  Supply Depot  
  133  8:11  Terran Infantry Armor Level 1, Marine  
  134  8:19  Marauder  
  133  8:23  Marine, Medivac, Marauder  
  133  8:24  Marauder  
  133  8:25  Marine  
  131  8:27  Marine  
  131  8:31  Marine  
  131  8:33  Widow Mine x2  
  121  8:41  Marine, Marauder  
  117  8:43  Marine  
  117  8:44  Marauder  
  117  8:46  Marauder  
  117  8:47  Marine  
  115  8:51  Marine  
  108  8:59  Marine  
  108  9:01  Marine  
  108  9:02  Marauder  
  112  9:05  Marine, Marauder  
  112  9:07  Marauder  
  112  9:08  Marine  
  113  9:13  Medivac x2  
  113  9:16  Marine  
  114  9:17  Widow Mine  
  114  9:21  Marine  
  114  9:23  Marauder  
  114  9:26  Marine  
  114  9:27  Marine, Marauder  
  114  9:29  Marauder  
  107  9:38  Marine  
  107  9:39  Marine  
  107  9:44  Marine  
  107  9:45  Marine, Marauder  
  111  9:48  Widow Mine x2, Marauder  
  111  9:49  Medivac  
  111  9:50  Marauder  
  119  9:56  Marine  
  109  10:02  Medivac  
  109  10:06  Marauder  
  112  10:09  Marauder  
  112  10:11  Marauder  
  112  10:13  Command Center, Armory  
  116  10:16  Marine  
  117  10:22  Widow Mine  
  117  10:25  Marine  
  117  10:27  Marauder  
  122  10:31  Marauder  
  122  10:32  Liberator  
  122  10:33  Marauder  
  122  10:34  Liberator  
  132  10:40  Widow Mine  
  134  10:44  Marine  
  134  10:48  Marine  
  134  10:49  Marauder  
  137  10:52  Marauder  
  137  10:54  Marauder  
  141  10:57  Widow Mine  
  141  11:02  Widow Mine  
  141  11:03  Supply Depot  
  142  11:04  Marine  
  142  11:07  Marine x2  
  142  11:10  Marauder  
  147  11:13  Marine  
  147  11:14  Marauder  
  147  11:15  Marauder  
  147  11:21  Terran Infantry Weapons Level 2  
  147  11:22  Marine  
  146  11:29  Orbital Command  
  143  11:39  Widow Mine x2  
  145  11:45  Medivac x2  
  149  11:47  Marine x2  
  149  11:48  Marauder  
  149  11:50  Marine  
  155  11:54  SCV x2  
  155  11:56  SCV  
  155  11:57  Supply Depot  
  157  12:02  Marauder  
  157  12:05  Marauder  
  159  12:13  SCV x2  
  156  12:18  Medivac x2  
  156  12:20  SCV  
  156  12:21  Ghost Academy  
  153  12:25  SCV, Marine, Marauder  
  157  12:30  SCV  
  157  12:32  SCV  
  157  12:36  Marine x2, Marauder  
  160  12:38  SCV  
  160  12:39  Widow Mine  
  160  12:42  Widow Mine  
  165  12:48  Viking  
  165  12:50  Viking  
  169  12:55  Ghost  
  169  12:56  Marine  
  167  12:59  Marine  
  166  13:07  Marine  
  164  13:14  Widow Mine x2  
  166  13:21  Supply Depot  
  166  13:22  Ghost  
  166  13:23  Marine  
  166  13:26  Marine  
  167  13:28  Ghost  
  167  13:33  Viking x2  
  167  13:34  Command Center  
  146  13:47  Marine, Marauder  
  120  13:50  Marine x3  
  120  13:51  Marauder  
  125  13:56  Marine  
  126  14:03  Barracks  
  126  14:05  Barracks, Marine  
  126  14:08  Marine x3  
  126  14:09  Marauder  
  132  14:12  Marine  
  132  14:13  SCV x2  
  132  14:14  Marine  
  136  14:23  Marine  
  137  14:25  Marine  
  137  14:26  Viking, Marine x2  
  137  14:29  Viking  
  137  14:30  Marauder  
  146  14:31  Marine  
  147  14:39  Marauder  
  147  14:40  Marine  
  147  14:43  SCV  
  150  14:50  Marauder  
  150  14:51  Planetary Fortress  
  151  14:54  Barracks Tech Lab x2  
  151  14:57  Marauder  
  151  14:58  Marine  
  151  15:02  Marauder  
  151  15:03  SCV  
  148  15:16  Marine, Marauder  
  148  15:20  Marine  
  148  15:21  Marauder  
  151  15:23  SCV x2  
  151  15:24  Marine, Marauder  
  151  15:25  Widow Mine  
  152  15:33  Marine x2  
  152  15:34  Marauder  
  152  15:35  Widow Mine  
  129  15:38  Medivac  
  126  15:44  Marine  
  126  15:45  Marauder  
  126  15:46  Widow Mine  
  126  15:49  Medivac  
  131  15:52  Marauder  
  131  15:56  Widow Mine  
  131  15:57  Marine, Marauder  
  135  15:59  Marine  
  139  16:04  Marine x2  
  139  16:05  Marine  
  139  16:06  Marine  
  139  16:07  Widow Mine  
  145  16:13  Medivac  
  145  16:19  Refinery, Medivac  
  145  16:21  Refinery  
  145  16:23  Ghost  
  145  16:24  Marine  
  150  16:25  Marine  
  150  16:27  Marine  
  150  16:30  Marine  
  153  16:33  Marine, Marauder  
  153  16:35  Widow Mine  
  153  16:36  Widow Mine  
  153  16:39  Marine, Marauder  
  163  16:42  Marine  
  163  16:45  Supply Depot  
  164  16:52  Marine  
  164  16:53  Marine, Marauder  
  164  16:54  Marine  
  169  16:55  Marine  
  169  17:00  Marine  
  169  17:01  Marauder  
  173  17:07  Marine  
  173  17:08  Marauder  
  176  17:10  Marine x2  
  176  17:11  Marine  
  176  17:13  Marauder  
  176  17:14  Marauder  
  181  17:18  Marine  
  181  17:21  Marine  
  182  17:26  Marauder  
  182  17:28  Marine x2  
  182  17:29  Marine x2  
  186  17:35  Marauder  
  186  17:36  Marine, Marauder  
Show
View Real Time Build Order
Export as new Build Order

Astrea Protoss 

Build Orders: 1 Gate Expand, Blink Stalkers 

Get SALT Encoding   

  12  0:00  Probe  
  13  0:12  Probe  
  14  0:17  Pylon  
  14  0:24  Probe (Chrono Boost)  
  16  0:36  Probe (Chrono Boost), Gateway  
  16  0:43  Probe (Chrono Boost)  
  16  0:45  Assimilator  
  17  0:51  Probe  
  18  0:59  Gateway  
  18  1:03  Probe  
  19  1:23  Cybernetics Core  
  19  1:36  Nexus  
  19  1:43  Pylon  
  19  1:46  Probe  
  20  1:59  Adept (Chrono Boost)  
  22  2:02  Warp Gate  
  22  2:06  Probe  
  22  2:08  Adept (Chrono Boost)  
  25  2:11  Assimilator  
  25  2:20  Probe  
  28  2:23  Adept (Chrono Boost)  
  28  2:25  Adept (Chrono Boost)  
  30  2:37  Probe  
  30  2:39  Pylon  
  31  2:49  Probe x2  
  33  2:53  Twilight Council  
  31  3:01  Probe  
  31  3:02  Probe  
  33  3:13  Probe  
  33  3:14  Probe (Chrono Boost)  
  35  3:22  Blink (Chrono Boost)  
  35  3:25  Probe (Chrono Boost)  
  37  3:32  Probe (Chrono Boost)  
  34  3:34  Probe (Chrono Boost)  
  34  3:39  Probe x2 (Chrono Boost)  
  35  3:42  Robotics Facility  
  36  3:50  Probe  
  36  3:51  Probe  
  38  3:58  Stalker  
  38  4:00  Pylon  
  38  4:02  Probe  
  41  4:03  Probe  
  41  4:04  Stalker  
  44  4:14  Probe  
  44  4:16  Gateway x2  
  45  4:18  Probe  
  46  4:24  Stalker  
  46  4:30  Pylon  
  46  4:31  Stalker  
  50  4:34  Probe x2  
  50  4:38  Shield Battery  
  52  4:39  Observer (Chrono Boost)  
  52  4:43  Assimilator  
  53  4:46  Probe  
  53  4:50  Stalker  
  56  4:55  Pylon  
  56  4:56  Stalker  
  58  5:00  Warp Prism (Chrono Boost)  
  60  5:14  Nexus  
  58  5:22  Probe x2  
  58  5:28  Stalker x2  
  58  5:30  Observer  
  58  5:34  Probe  
  64  5:38  Probe  
  64  5:39  Stalker  
  67  5:44  Stalker  
  67  5:49  Shield Battery  
  67  5:59  Stalker  
  67  6:01  Pylon  
  69  6:10  Pylon  
  69  6:16  Probe (Chrono Boost)  
  69  6:17  Charge  
  70  6:19  Probe (Chrono Boost)  
  70  6:25  Templar Archives  
  71  6:26  Observer  
  71  6:27  Assimilator  
  71  6:28  Probe (Chrono Boost)  
  71  6:29  Probe (Chrono Boost)  
  71  6:30  Probe (Chrono Boost)  
  75  6:36  Probe (Chrono Boost)  
  75  6:37  Probe x2 (Chrono Boost)  
  78  6:42  Probe x2 (Chrono Boost)  
  78  6:45  Probe  
  78  6:46  Gateway  
  81  6:48  Gateway  
  81  6:50  Gateway  
  81  6:53  Probe  
  82  6:54  Probe, Psionic Storm  
  82  6:55  Observer  
  82  6:56  Gateway  
  82  6:57  Probe  
  84  7:05  Stalker x3  
  84  7:06  Probe x2  
  92  7:11  Probe  
  87  7:18  Probe  
  87  7:19  High Templar  
  89  7:24  Probe  
  89  7:26  Shield Battery  
  89  7:28  Pylon  
  89  7:29  Pylon  
  90  7:30  Warp Prism  
  90  7:38  Zealot x2, High Templar  
  90  7:41  Pylon  
  96  7:49  Zealot x2, High Templar  
  100  7:54  Probe x3  
  100  7:56  Zealot x2  
  107  8:00  Zealot  
  107  8:01  Zealot  
  111  8:09  Pylon  
  111  8:10  Forge  
  111  8:12  Zealot x2, High Templar  
  113  8:13  Pylon  
  113  8:17  Pylon  
  104  8:31  Archon  
  104  8:32  Zealot x5  
  104  8:33  Zealot x2  
  96  8:45  Stalker  
  86  8:51  Immortal  
  86  8:53  Stalker x5  
  86  8:54  Zealot  
  90  9:00  Stalker  
  92  9:15  Stalker x2  
  78  9:17  Stalker x4  
  78  9:20  Zealot  
  78  9:21  Observer  
  84  9:24  Zealot  
  75  9:39  High Templar  
  75  9:40  Zealot x3, High Templar  
  75  9:41  Zealot x2  
  75  9:45  Protoss Ground Armor Level 1 (Chrono Boost), Warp Prism  
  83  10:05  High Templar  
  83  10:06  Assimilator  
  83  10:07  Assimilator  
  83  10:09  Zealot x3  
  83  10:10  Zealot  
  91  10:14  High Templar  
  91  10:17  Nexus  
  91  10:20  Zealot x2  
  96  10:31  Cybernetics Core  
  96  10:32  Zealot x3  
  102  10:38  Zealot  
  104  10:48  Zealot x2  
  99  11:08  Stalker x5  
  109  11:15  Zealot  
  109  11:16  Immortal (Chrono Boost)  
  111  11:20  Probe x3  
  110  11:38  Stalker  
  110  11:39  Stalker x5  
  121  11:43  Photon Cannon  
  121  11:49  Nexus  
  121  11:52  Pylon  
  121  11:56  Observer  
  122  12:08  Zealot x2  
  122  12:09  Zealot x3  
  126  12:24  Stalker  
  124  12:36  Stalker  
  125  12:40  Observer  
  123  12:46  Probe x2  
  123  12:47  Shield Battery  
  123  12:48  Pylon  
  123  12:49  Pylon  
  123  12:50  Probe  
  124  12:56  Forge x2  
  124  12:58  Probe  
  125  12:59  Robotics Bay  
  120  13:06  Pylon x2  
  120  13:07  Pylon  
  114  13:13  Warp Prism  
  114  13:33  Protoss Ground Weapons Level 1 (Chrono Boost)  
  114  13:34  Protoss Ground Armor Level 2 (Chrono Boost), Zealot x6  
  109  13:38  Probe  
  107  13:44  Colossus (Chrono Boost)  
  102  13:51  Probe x3  
  105  13:56  Extended Thermal Lance  
  105  13:59  High Templar x6  
  123  14:03  Probe  
  123  14:04  Probe x2  
  126  14:16  Probe x2  
  123  14:30  Observer (Chrono Boost)  
  124  14:39  Zealot x6  
  132  14:48  Colossus (Chrono Boost)  
  132  14:51  Probe x3  
  129  15:08  Nexus  
  128  15:20  Archon  
  123  15:26  Zealot x6  
  117  15:31  Archon  
  117  15:33  Colossus (Chrono Boost)  
  101  15:48  Nexus  
  97  15:55  High Templar x3  
  103  16:04  Probe x3  
  106  16:08  Pylon  
  104  16:16  Probe  
  104  16:17  High Templar x3  
  111  16:20  Probe  
  111  16:21  Observer (Chrono Boost)  
  113  16:25  Probe  
  113  16:28  Probe  
  113  16:30  Shield Battery  
  115  16:35  Observer (Chrono Boost)  
  115  16:39  Probe  
  117  16:53  Observer  
  116  16:58  Zealot x3, High Templar  
  119  17:10  Stalker  
  119  17:11  Stalker  
  120  17:24  Pylon  
  116  17:38  Stalker x2  
  116  17:42  Photon Cannon  
  116  17:44  Shield Battery  
Tags
 
Add a new tag
Caveats
  • Supply blocks, unpowered buildings, or Contaminate may cause inaccurate times.
  • Supply counts are checked every 10 seconds.